 Dungeon Crawl Stone Soup version 0.22-a0-402-ga933591907 (webtiles) character file.

27031 Flugkiller the Spear-Bearer (level 13, -4/93 HPs)
             Began as a Mummy Summoner on May 7, 2018.
             Was an Initiate of Gozag.
             Slain by a warg (10 damage)
             ... led by an orc warlord
             ... on level 9 of the Dungeon.
             The game lasted 00:45:07 (25470 turns).

Flugkiller the Spear-Bearer (Mummy Summoner)       Turns: 25470, Time: 00:45:08

Health: -4/93      AC: 11    Str: 11    XL:     13   Next: 2%
Magic:  10/19      EV: 13    Int: 19    God:    Gozag
Gold:   2800       SH:  0    Dex: 13    Spells: 6/20 levels left

rFire    . . .     SeeInvis .   t - +8 trident
rCold    + . .     Gourm    .   (no shield)
rNeg     + + +     Faith    .   u - +1 leather armour {rF+}
rPois    ∞         Spirit   .   s - +0 helmet
rElec    .         Reflect  .   g - +0 cloak
rCorr    .         Harm     .   c - +2 pair of gloves {archery}
MR       +++..                  q - +0 pair of boots of Recklessness {MR+ Regen+} (curse)
Stlth    ++........             e - amulet of regeneration
HPRegen  1.05/turn              n - ring of protection from magic
MPRegen  0.16/turn              (no ring)

@: about to teleport
A: no food or potions, fire vulnerability, cold resistance 1, negative energy
resistance 3, torment resistance, unbreathing, in touch with death 1
a: Potion Petition, Call Merchant, Bribe Branch, Renounce Religion


You were on level 9 of the Dungeon.
You worshipped Gozag.
Gozag was most pleased with you.
You were not hungry.

You visited 4 branches of the dungeon, and saw 17 of its levels.
You also visited: Ice Cave.

You collected 4302 gold pieces.
You paid 1502 gold pieces to Gozag.

Inventory:

Hand Weapons
 b - a +0 dagger of venom
 t - a +8 trident (weapon)
 y - the +1 rapier of Oziextiz {chaos, rElec rN+ Str-4 Int+6}
   (You took it off a kobold on level 9 of the Dungeon)

   Each time it hits an enemy it has a different, random effect.
   It affects your strength (-4).
   It affects your intelligence (+6).
   It insulates you from electricity.
   It protects you from negative energy.
Armour
 c - a +2 pair of gloves of archery (worn)
 g - a +0 cloak (worn)
 h - a +0 buckler
 p - a +0 leather armour
 q - the cursed +0 pair of boots of Recklessness (worn) {MR+ Regen+}
   (You found it on level 2 of the Lair of Beasts)

   It affects your resistance to hostile enchantments.
   It increases your rate of regeneration.
   It has a curse placed upon it.
 r - a +2 robe of fire resistance
 s - a +0 helmet (worn)
 u - a +1 leather armour of fire resistance (worn)
Magical Staves
 x - an uncursed staff of air
Jewellery
 e - an amulet of regeneration (around neck)
 n - a ring of protection from magic (left hand)
Wands
 a - a wand of paralysis (11)
 j - a wand of random effects (46)
 l - a wand of flame (85)
 o - a wand of disintegration (29)
 v - a wand of iceblast (27)
 z - a wand of polymorph (39)
Scrolls
 d - 3 scrolls of amnesia
 i - 6 scrolls of remove curse
 k - 3 scrolls of enchant armour
 m - a scroll of immolation
 w - 6 scrolls of teleportation
 A - a scroll of magic mapping


   Skills:
 - Level 6.0 Fighting
 + Level 12.5 Polearms
 - Level 4.0 Armour
 - Level 4.0 Dodging
 - Level 1.5 Stealth
 - Level 4.0 Spellcasting
 - Level 10.0 Summonings
 - Level 4.0 Ice Magic
 - Level 4.0 Air Magic


You had 6 spell levels left.
You knew the following spells:

 Your Spells              Type           Power        Failure   Level  Hunger
a - Summon Small Mammal   Summ           ####         1%          1    N/A
b - Call Imp              Summ           #####...     1%          2    N/A
c - Call Canine Familiar  Summ           #####...     1%          3    N/A
d - Summon Ice Beast      Ice/Summ       ####....     10%         4    N/A
e - Summon Lightning Spi  Summ/Air       ####....     10%         4    N/A

Dungeon Overview and Level Annotations

Branches:
Dungeon (9/15)             Temple (1/1) D:6            Lair (6/6) D:9
 Shoals (0/4) Lair:4        Snake (0/4) Lair:3        Slime (0/5) Lair:5
    Orc (1/2) D:9

Altars:
Ashenzari
Cheibriados
Dithmenos
Elyvilon
Fedhas
Gozag
Kikubaaqudgha
Makhleb
Okawaru
Qazlal
Trog
Uskayaw
Vehumet
Wu Jian
Xom
Yredelemnul
The Shining One
Beogh

Shops:
D:6 [

Annotations:
D:9 Harold
Lair:1 exclusion: downstairs
Lair:2 exclusion: 2 oklob plants
Lair:5 exclusion: downstairs
Lair:6 morra's ghost, journeyman HaHu


Innate Abilities, Weirdness & Mutations

You do not eat or drink.
Your flesh is vulnerable to fire.
You are immune to poison.
Your flesh is cold resistant. (rC+)
You are immune to negative energy. (rN+++)
You are immune to unholy pain and torment.
You can survive without breathing.
You are in touch with the powers of death.


Message History

The warg closely misses you. Harold hits you but does no damage.
Your ice beast barely misses Harold.
The warg bites you!
* * * LOW HITPOINT WARNING * * *
The orc closely misses you.
Your ice beast barely misses Harold.
You climb upwards.
Welcome back to the Dungeon!
Your summoned ally is left behind.
There is a staircase to the Orcish Mines here.
Harold hits you with a long sword.
* * * LOW HITPOINT WARNING * * *
The orc hits you but does no damage.
Harold gestures wildly while chanting.
Harold blinks!
The warg bites you.
* * * LOW HITPOINT WARNING * * *
As you read the scroll of teleportation, it crumbles to dust.
You feel strangely unstable. The warg bites you!
* * * LOW HITPOINT WARNING * * *
The warg bites you!
You die...
Your body crumbles into a pile of gold.

#@##...########
##.#.###.#######
#....# #.......#
###)[#.###.#####.#
#..>......## ###.#
#o#o)###### #....
#.#..#########....
#h#...........>...
#@#.##########....
#.#.# #....
#.#.##### ###..
#....##.##########
#..#)...(P.♣P.###
##.).##.......P.##
##.##......P....#
#.#.....♣.....P.
#.#.♣........♣..


You could see a warg and an orc.

Vanquished Creatures
  A hydra (Lair:4)
  3 death yaks (Lair:5)
  2 orc knights (Orc:1)
  A cyclops (D:9)
  6 elephants
  A black mamba (Lair:2)
  5 spiny frogs
  2 komodo dragons (Lair:5)
  An ice devil (Lair:2)
  A troll (Orc:1)
  4 blink frogs
  2 hippogriffs
  A human (Lair:5)
  A fire bat (Lair:6)
  11 yaks
  A wyvern (Lair:6)
  A basilisk (Lair:4)
  A porcupine (Lair:3)
  2 water moccasins
  2 ice beasts
  2 sky beasts
  7 orc warriors
  A black bear (D:9)
  A phantom (D:9)
  11 wolves
  2 ogres
  2 centaurs
  4 crocodiles
  4 bullfrogs
  A howler monkey (D:6)
  A quasit (D:8)
  3 hounds
  A bullfrog zombie (D:8)
  2 orc priests (Orc:1)
  A jelly (D:7)
  Ijyb (D:3)
  6 orc wizards
  2 worker ants
  A hound zombie (D:8)
  A hound skeleton (D:9)
  3 worker ant zombies
  An adder (D:9)
  An adder zombie (D:9)
  A worm (D:2)
  A leopard gecko (D:3)
  32 orcs
  2 bats
  A giant cockroach (D:6)
  A goblin (D:3)
  6 jackals
  A ball python skeleton (D:4)
  A frilled lizard (D:4)
  12 kobolds
  A leopard gecko skeleton (D:8)
  5 rats
172 creatures vanquished.

Vanquished Creatures (collateral kills)
  Kirke (Lair:5)
  An orc warlord (D:9)
  Snorg (Orc:1)
  2 hydras
  2 death yaks (Lair:5)
  Maurice (Orc:1)
  A guardian serpent (Lair:6)
  2 elephants (Lair:6)
  A black mamba (Lair:5)
  5 spiny frogs
  2 rime drakes
  6 komodo dragons
  An ice devil (Lair:2)
  2 trolls (D:9)
  A polar bear (IceCv)
  A hornet (Lair:5)
  Grinder (D:5)
  6 hippogriffs
  9 blink frogs
  Sigmund (D:3)
  23 yaks
  2 fire bats (Lair:6)
  2 wyverns
  2 basilisks
  Eustachio (D:4)
  2 hogs (Lair:5)
  A hungry ghost (D:8)
  Edmund (D:4)
  7 water moccasins
  4 porcupines
  2 ice beasts
  2 black bears
  9 orc warriors
  4 ogres
  2 centaurs
  11 wolves
  7 crocodiles
  Blork the orc (D:4)
  2 big kobolds (D:9)
  6 bullfrogs
  2 scorpions (D:9)
  5 wights
  A crimson imp (D:9)
  A howler monkey (D:4)
  A bullfrog zombie (D:6)
  A jelly (D:5)
  4 orc priests
  A centaur skeleton (D:6)
  2 hounds
  An iguana (D:9)
  16 orc wizards
  A worker ant (D:5)
  A worker ant zombie (D:8)
  3 gnolls (Orc:1)
  3 adders
  An ooze (D:1)
  3 worms (D:2)
  A leopard gecko (D:5)
  37 orcs
  3 giant cockroaches
  5 goblins
  4 hobgoblins
  4 jackals
  16 kobolds
  2 quokkas
  4 bats
  A frilled lizard (D:4)
  A rat (D:2)
  2 fungi (Lair:6)
  A plant (D:9)
266 creatures vanquished.

Vanquished Creatures (others)
  2 humans (Lair:5)
  A crocodile (D:9)
  A fire vortex (Lair:6)
  19 fungi
  84 plants
107 creatures vanquished.

Grand Total: 545 creatures vanquished

Notes
Turn   | Place    | Note
-------+----------+-------------------------------------------
     0 | D:1      | Flugkiller the Mummy Summoner began the quest for the Orb.
     0 | D:1      | Reached XP level 1. HP: 13/13 MP: 4/4
   447 | D:1      | Reached XP level 2. HP: 19/19 MP: 3/6
   479 | D:1      | Learned a level 2 spell: Call Imp
  1335 | D:2      | Reached XP level 3. HP: 24/24 MP: 4/8
  2016 | D:2      | Learned a level 3 spell: Call Canine Familiar
  2320 | D:3      | Reached XP level 4. HP: 26/30 MP: 2/10
  2621 | D:3      | Noticed Ijyb
  2632 | D:3      | Killed Ijyb
  2645 | D:3      | Found a burning altar of Makhleb.
  2672 | D:3      | Noticed Sigmund
  2686 | D:3      | Killed Sigmund
  2686 | D:3      | Reached skill level 5 in Summonings
  2686 | D:3      | Reached XP level 5. HP: 16/35 MP: 4/11
  3124 | D:4      | Found a shimmering altar of Xom.
  3252 | D:4      | Noticed Eustachio
  3304 | D:4      | Killed Eustachio
  3304 | D:4      | Reached XP level 6. HP: 31/41 MP: 6/12
  3384 | D:4      | Found an iron altar of Okawaru.
  3499 | D:4      | Noticed Edmund
  3562 | D:4      | Noticed Blork the orc
  3604 | D:4      | Killed Blork the orc
  4098 | D:4      | Killed Edmund
  4400 | D:5      | Entered Level 5 of the Dungeon
  4603 | D:5      | Noticed Grinder
  4648 | D:5      | Paralysed by Grinder for 3 turns
  4654 | D:5      | Killed Grinder
  4654 | D:5      | Reached XP level 7. HP: 25/46 MP: 4/13
  4860 | D:5      | Learned a level 4 spell: Summon Lightning Spire
  4865 | D:5      | Learned a level 4 spell: Summon Ice Beast
  5490 | D:6      | Reached skill level 1 in Ice Magic
  5490 | D:6      | Reached skill level 1 in Air Magic
  5544 | D:6      | Found the +2 hat of the Bear Spirit {Spirit, +Rage rN+ MR++}
  5630 | D:6      | Found a bloodstained altar of Trog.
  5742 | D:6      | Found a staircase to the Ecumenical Temple.
  5794 | Temple   | Entered the Ecumenical Temple
  5823 | Temple   | Became a worshipper of Gozag Ym Sagoz the Greedy
  6081 | D:5      | Reached XP level 8. HP: 52/52 MP: 4/14
  6502 | D:6      | Found Nog Zadd's Armour Shop.
  7048 | D:7      | Found a shadowy altar of Dithmenos.
  7213 | D:7      | Noticed a hippogriff
  7221 | D:7      | Killed a hippogriff
  7500 | D:7      | Noticed a hippogriff
  7517 | D:7      | Killed a hippogriff
  7998 | D:7      | Reached XP level 9. HP: 57/57 MP: 15/15
  8629 | D:9      | Found a staircase to the Orcish Mines.
  8897 | D:9      | Found a staircase to the Lair.
  9351 | D:9      | Reached skill level 10 in Summonings
  9469 | D:9      | Reached skill level 1 in Fighting
  9469 | D:9      | Reached skill level 1 in Armour
 10172 | D:9      | Noticed a troll
 10187 | D:9      | Killed a troll
 10325 | D:9      | Reached XP level 10. HP: 63/68 MP: 11/16
 10503 | D:9      | Got a brightly glowing rapier {chaos}
 10504 | D:9      | Identified the cursed +1 rapier of Oziextiz {chaos, rElec rN+ Str-4 Int+6} (You took it off a kobold on level 9 of the Dungeon)
 10567 | Lair:1   | Entered Level 1 of the Lair of Beasts
 10781 | Lair:1   | Noticed a spiny frog
 10877 | D:9      | HP: 1/70 [spiny frog (22)]
 11176 | D:9      | Found a staircase to the Orcish Mines.
 11467 | D:9      | Killed a spiny frog
 12210 | Lair:2   | Found a frozen archway.
 12231 | Lair:2   | HP: 1/70 [ice devil (4)]
 12453 | IceCv    | Entered an ice cave
 12705 | Lair:2   | Noticed a five-headed hydra
 12943 | Lair:2   | Noticed a spiny frog
 12949 | Lair:2   | Killed a spiny frog
 13099 | Lair:1   | Reached skill level 5 in Fighting
 13728 | Lair:2   | Noticed a spiny frog
 13731 | Lair:2   | Reached skill level 1 in Polearms
 13751 | Lair:1   | Killed a spiny frog
 13751 | Lair:1   | Reached skill level 2 in Polearms
 13997 | Lair:2   | Killed a five-headed hydra
 13997 | Lair:2   | Reached skill level 3 in Polearms
 14008 | Lair:2   | Reached XP level 11. HP: 81/81 MP: 2/17
 14144 | Lair:2   | Reached skill level 4 in Polearms
 14333 | Lair:2   | Noticed an oklob plant
 14340 | Lair:2   | Noticed an oklob plant
 14510 | Lair:2   | Reached skill level 5 in Polearms
 14765 | Lair:2   | Got a pair of distressingly furry boots
 14776 | Lair:2   | Identified the cursed +0 pair of boots of Recklessness {MR+ Regen+} (You found it on level 2 of the Lair of Beasts)
 15740 | Lair:3   | Found a staircase to the Snake Pit.
 16128 | Lair:4   | Noticed a four-headed hydra
 16137 | Lair:4   | Killed a four-headed hydra
 16137 | Lair:4   | Reached skill level 6 in Polearms
 16591 | Lair:4   | Reached skill level 7 in Polearms
 16793 | Lair:4   | Found a staircase to the Shoals.
 17726 | Lair:4   | Noticed a seven-headed hydra
 17758 | Lair:4   | Killed a seven-headed hydra
 18079 | Lair:5   | Found a staircase to the Slime Pits.
 18133 | Lair:5   | Noticed a death yak
 18284 | Lair:5   | Reached skill level 8 in Polearms
 18491 | Lair:5   | Noticed a death yak
 18530 | Lair:5   | Killed a death yak
 18680 | Lair:5   | Noticed a death yak
 18686 | Lair:5   | Noticed a death yak
 18694 | Lair:5   | Killed a death yak
 19024 | Lair:5   | Noticed Kirke
 19044 | Lair:5   | Reached skill level 9 in Polearms
 19052 | Lair:5   | Noticed a sphinx
 19055 | Lair:5   | Killed Kirke
 19055 | Lair:5   | Reached XP level 12. HP: 88/88 MP: 5/18
 19198 | Lair:5   | Killed a death yak
 19409 | Lair:5   | Noticed a death yak
 19431 | Lair:5   | Killed a death yak
 19642 | Lair:5   | Killed a death yak
 19642 | Lair:5   | Reached skill level 10 in Polearms
 20320 | Lair:6   | Entered Level 6 of the Lair of Beasts
 20956 | Lair:6   | Reached skill level 11 in Polearms
 21721 | Lair:6   | Noticed morra's ghost (journeyman HaHu)
 22343 | Lair:5   | Found a staircase to the Slime Pits.
 23088 | Orc:1    | Entered Level 1 of the Orcish Mines
 23095 | Orc:1    | Noticed Maurice
 23108 | Orc:1    | Killed Maurice
 23134 | Orc:1    | Reached skill level 12 in Polearms
 23449 | Orc:1    | Noticed Snorg
 23458 | Orc:1    | Killed Snorg
 24130 | Orc:1    | Found a roughly hewn altar of Beogh.
 24144 | Orc:1    | Noticed an orc warlord
 24152 | Orc:1    | Noticed Harold
 24576 | D:9      | Killed an orc warlord
 24576 | D:9      | Gained mutation: You are in touch with the powers of death. [Mummy growth]
 24576 | D:9      | Reached XP level 13. HP: 58/93 MP: 0/19
 24745 | D:9      | Found a staircase to the Lair.
 24774 | D:9      | Found a staircase to the Orcish Mines.
 25468 | D:9      | HP: 4/93 [warg[an orc warlord] (10)]
 25470 | D:9      | Slain by a warg

Vault maps used:
D:1:      eino_arrival_water_star
D:3:      old_standard_altar, uniq_sigmund, uniq_ijyb
D:4:      kennysheep_okawaru_gauntlet, first_ration, portal_sewer_entry_e,
          minmay_statues_item, xom_teletrap_fun, uniq_blork_the_orc,
          uniq_eustachio, uniq_edmund
D:5:      uniq_grinder
D:6:      minmay_temple_entry_fiery, basic_altar, serial_shops, shop
D:7:      nicolae_dithmenos_the_darkroom, hangedman_abyss_or_decor_passed
D:9:      kennysheep_kobold_camp, minmay_lair_entry_grove, orc_0_dummy,
          blue_anna_alchemist, nicolae_underground_beach
Temple:   compressed_dpeg_circular_temple
Lair:2:   minmay_lair_oklob_tunnel, portal_ice_cave_demonic_guard
Lair:3:   guppyfry_snake_entry_island
Lair:4:   shoals_dummy_entry
Lair:5:   slime_dummy, beast_lair_carwin_8, lemuel_fruit_tree, uniq_kirke
Lair:6:   guppyfry_lair_end_dragon, hangedman_lair_tendril_chambers,
          hangedman_lair_unloving_vines
Orc:1:    basic_altar, uniq_maurice, uniq_snorg, uniq_harold
IceCv:    ice_cave_small_giant

Skill      XL: |  1  2  3  4  5  6  7  8  9 10 11 12 |
---------------+-------------------------------------+-----
Spellcasting   | 3 4 |  4.0
Summonings     | 4 5 7 8 10 | 10.0
Ice Magic      | 2 4 |  4.0
Air Magic      | 2 4 |  4.0
Fighting       | 2 6 |  6.0
Armour         | 2 4 |  4.0
Dodging        | 2 4 |  4.0
Polearms       | 3 9 12 | 12.5
Stealth        | |  1.5

Action                   |  1- 3 |  4- 6 |  7- 9 | 10-12 | 13-15 || total
-------------------------+-------+-------+-------+-------+-------++-------
Melee: Dagger            |   107 |    66 |    59 |       |       ||   232
       Trident           |       |       |   240 |   581 |     8 ||   829
 Cast: Summon Small Mamm |    16 |       |       |       |       ||    16
       Call Imp          |    34 |    26 |    17 |       |       ||    77
       Call Canine Famil |     7 |    33 |    13 |     3 |       ||    56
       Summon Lightning  |       |       |    24 |   102 |     1 ||   127
       Summon Ice Beast  |       |       |    47 |   180 |     2 ||   229
Invok: Potion Petition   |       |       |       |     4 |       ||     4
Evoke: Wand              |       |       |       |     4 |       ||     4
  Use: Scroll            |       |     6 |     5 |    11 |     1 ||    23
 Stab: Sleeping          |     2 |       |     1 |       |       ||     3
       Distracted        |     1 |     2 |     3 |    11 |       ||    17
Armor: Robe              |    50 |    33 |    59 |       |       ||   142
       Leather armour    |       |       |   114 |   177 |     7 ||   298
Dodge: Dodged            |   123 |    79 |   222 |   375 |    10 ||   809

Table legend:
 A = Spawn XP
 B = Non-spawn XP
 C = Spawn XP percentage of total XP
 D = Spawn monster count
 E = Non-spawn monster count
 F = Spawn count percentage of total count
 G = Total turns spent on level
                    A         B        C        D         E        F      G
               +---------+---------+-------+---------+---------+-------+---------
         Total |       0 |   38616 |   0.0 |       0 |     434 |   0.0 | 25470
               +---------+---------+-------+---------+---------+-------+---------
           D:1 |       0 |      27 |   0.0 |       0 |      21 |   0.0 |  1041
           D:2 |       0 |      66 |   0.0 |       0 |      17 |   0.0 |  1066
           D:3 |       0 |     185 |   0.0 |       0 |      15 |   0.0 |  1053
           D:4 |       0 |     421 |   0.0 |       0 |      22 |   0.0 |  1242
           D:5 |       0 |     518 |   0.0 |       0 |      16 |   0.0 |  1454
           D:6 |       0 |     525 |   0.0 |       0 |      21 |   0.0 |  1133
           D:7 |       0 |    1100 |   0.0 |       0 |      23 |   0.0 |  1000
           D:8 |       0 |     604 |   0.0 |       0 |      22 |   0.0 |   731
           D:9 |       0 |    4048 |   0.0 |       0 |      69 |   0.0 |  4462
        Lair:1 |       0 |    1303 |   0.0 |       0 |       9 |   0.0 |  1378
        Lair:2 |       0 |    5674 |   0.0 |       0 |      40 |   0.0 |  1988
        Lair:3 |       0 |     866 |   0.0 |       0 |       8 |   0.0 |  1100
        Lair:4 |       0 |    3464 |   0.0 |       0 |      22 |   0.0 |  2128
        Lair:5 |       0 |   11145 |   0.0 |       0 |      42 |   0.0 |  4264
        Lair:6 |       0 |    4349 |   0.0 |       0 |      26 |   0.0 |   558
         Orc:1 |       0 |    3704 |   0.0 |       0 |      56 |   0.0 |   666
         IceCv |       0 |     617 |   0.0 |       0 |       5 |   0.0 |   148
               +---------+---------+-------+---------+---------+-------+---------
